 Dungeon Crawl Stone Soup version 0.25.1-1-g288607f5aa (webtiles) character file.

Game seed: 15531928220440534719

257 DerDa the Grave Robber (level 5, 0/35 HPs)
             Began as a Mummy Necromancer on July 26, 2020.
             Slain by Purgy (3 damage)
             ... in a sewer.
             The game lasted 00:07:46 (2295 turns).

DerDa the Grave Robber (Mummy Necromancer)          Turns: 2295, Time: 00:07:46

Health: 0/35       AC:  4    Str: 11    XL:     5   Next: 93%
Magic:  3/13       EV:  9    Int: 22    God:
Gold:   131        SH:  0    Dex: 12    Spells: 10/15 levels left

rFire    x . .     SeeInvis .   l - +0 whip (freeze)
rCold    + . .     Gourm    .   (no shield)
rNeg     + + +     Faith    .   a - +0 robe
rPois    ∞         Spirit   .   (no helmet)
rElec    .         Reflect  .   (no cloak)
rCorr    .         Harm     .   h - +1 pair of gloves
MR       .....                  (no boots)
Stlth    ++........             (no amulet)
HPRegen  0.11/turn              j - +6 ring of intelligence
MPRegen  0.13/turn              (no ring)

@: very slightly contaminated, constricted
A: no food or potions, fire vulnerability, cold resistance 1, negative energy
resistance 3, torment resistance, unbreathing
a: no special abilities


You were in a sewer.
You were not hungry.

You visited 1 branch of the dungeon, and saw 3 of its levels.
You also visited: Sewer.

You collected 131 gold pieces.

Inventory:

Hand Weapons
 l - a +0 whip of freezing (weapon)
Missiles
 b - 49 bolts
 f - 6 boomerangs (quivered)
 g - 27 sling bullets
Armour
 a - a +0 robe (worn)
 h - a +1 pair of gloves (worn)
 k - a +0 buckler
Jewellery
 j - a +6 ring of intelligence (left hand)
Scrolls
 d - a scroll of remove curse
 e - 2 scrolls of amnesia
 i - a scroll of enchant armour


   Skills:
 - Level 1.5 Dodging
 - Level 1.5 Stealth
 * Level 0.0 Shields
 * Level 5.7 Spellcasting
 * Level 5.8 Necromancy


You had 10 spell levels left.
You knew the following spells:

 Your Spells              Type           Power        Failure   Level  Hunger
a - Pain                  Necr           ####         1%          1    N/A
b - Animate Skeleton      Necr           N/A          1%          1    N/A
c - Vampiric Draining     Necr           ####......   2%          3    N/A

Your spell library contained the following spells:

 Spells                   Type           Power        Failure   Level  Hunger
 Animate Dead             Necr           N/A          9%          4    N/A
 Agony                    Necr           ####....     24%         5    N/A

Dungeon Overview and Level Annotations

Branches:
Dungeon (3/15)              Sewer (1/1)

Altars:

Annotations:
Sewer Purgy


Innate Abilities, Weirdness & Mutations

You do not eat or drink.
Your flesh is vulnerable to fire.
You are immune to poison.
Your flesh is cold resistant. (rC+)
You are immune to negative energy. (rN+++)
You are immune to unholy pain and torment.
You can survive without breathing.


Message History

The ball python constricts you.
Casting: Pain (safe; 1% risk of failure)
Confirm with . or Enter, or press ? or * to list all spells.
Aiming: Pain (safe; 1% risk of failure)
Press: ? - help, Shift-Dir - straight line, f/p - Purgy
Aim: Purgy (almost dead, chance to defeat MR: 89%) Purgy barely resists.
Purgy bites you.
* * * LOW HITPOINT WARNING * * *
Purgy claws you.
* * * LOW HITPOINT WARNING * * *
Purgy closely misses you.
The ball python bites you but does no damage.
The ball python constricts you.
Casting: Pain (safe; 1% risk of failure)
Confirm with . or Enter, or press ? or * to list all spells.
Aiming: Pain (safe; 1% risk of failure)
Press: ? - help, Shift-Dir - straight line, f/p - Purgy
Aim: Purgy (almost dead, chance to defeat MR: 89%) Purgy writhes in agony.
Purgy bites you.
You die...

≈≈≈≈≈≈≈≈≈≈≈≈.≈###.##
#≈≈≈≈≈≈≈≈≈≈.### ###
≈≈≈≈≈≈≈≈≈≈≈.#
#≈≈≈≈≈≈≈≈≈.##
#≈≈≈≈≈≈≈≈#.#
##≈≈≈≈≈≈####
#≈≈≈≈≈≈≈.#
≈≈≈≈≈≈≈..#
≈≈≈≈≈≈≈@##
#≈≈≈≈≈≈ST#
≈≈≈≈≈≈≈≈≈.#
≈≈≈≈≈≈≈≈≈≈#
≈≈≈≈≈≈≈≈≈≈≈
##≈≈≈≈≈≈≈≈≈.
#≈≈≈≈≈≈≈≈≈≈#
≈≈≈≈≈≈≈≈≈≈≈.


You could see Purgy and a ball python.

Vanquished Creatures
  An orc wizard (D:3)
  Jessica (D:2)
  Terence (D:2)
  Natasha (twice) (D:2)
  3 adders
  A river rat (D:3)
  An ooze (D:2)
  A worm (D:2)
  A leopard gecko (D:2)
  15 orcs (D:3)
  A giant cockroach (D:1)
  4 goblins
  5 hobgoblins
  2 quokkas (D:3)
  3 ball pythons
  5 bats
  4 frilled lizards
  4 kobolds
  6 rats
61 creatures vanquished.

Vanquished Creatures (collateral kills)
  Natasha (D:2)
  An adder skeleton (D:2)
2 creatures vanquished.

Vanquished Creatures (others)
  An orc (D:3)
1 creature vanquished.

Grand Total: 64 creatures vanquished

Notes
Turn   | Place    | Note
-------+----------+-------------------------------------------
     0 | D:1      | DerDa the Mummy Necromancer began the quest for the Orb.
     0 | D:1      | Reached XP level 1. HP: 13/13 MP: 4/4
   349 | D:1      | Reached XP level 2. HP: 19/19 MP: 4/6
   352 | D:1      | Learned a level 1 spell: Animate Skeleton
   850 | D:2      | Noticed Terence
   912 | D:2      | Noticed Jessica
   977 | D:2      | Killed Jessica
   977 | D:2      | Reached XP level 3. HP: 24/24 MP: 3/8
  1038 | D:2      | Learned a level 3 spell: Vampiric Draining
  1135 | D:2      | Killed Terence
  1135 | D:2      | Reached skill level 5 in Necromancy
  1135 | D:2      | Reached XP level 4. HP: 25/30 MP: 0/10
  1381 | D:2      | Noticed Natasha
  1385 | D:2      | Killed Natasha
  1574 | D:2      | Noticed Natasha
  1584 | D:2      | Killed Natasha
  1584 | D:2      | Reached skill level 5 in Spellcasting
  1584 | D:2      | Reached XP level 5. HP: 32/35 MP: 3/12
  1586 | D:2      | Noticed Natasha
  1598 | D:2      | Killed Natasha
  2179 | D:3      | Found a glowing drain.
  2194 | Sewer    | Entered a sewer
  2283 | Sewer    | Noticed Purgy
  2295 | Sewer    | Slain by Purgy

Illustrated notes

Levels and vault maps discovered:
D:1:      sevenhm_arrival_forest_fort_small_5, layout_basic,
          minmay_misc_feat_tower
D:2:      layout_rooms, uniq_terence, uniq_natasha, uniq_jessica
D:3:      layout_loops_ring, cheibrodos_sewer_entry_sluice
Sewer:    sewer_co_purgy_island

Skill      XL: |  1  2  3  4 |
---------------+-------------+-----
Spellcasting   | 3 4 5 |  5.7
Necromancy     | 5 |  5.8
Dodging        | |  1.5
Stealth        | |  1.5

Action                   |  1- 3 |  4- 6 || total
-------------------------+-------+-------++-------
Melee: Club              |     6 |    26 ||    32
 Cast: Pain              |    51 |    85 ||   136
       Animate Skeleton  |     3 |     5 ||     8
  Use: Scroll            |       |     4 ||     4
Armor: Robe              |     2 |    13 ||    15
Dodge: Dodged            |    12 |    46 ||    58
